 Dungeon Crawl Stone Soup version 0.25-a0-404-gc1b5a34 (webtiles) character file.

Game seed: 17476059917944975286, levelgen mode: deterministic

287 sauken the Cudgeler (level 6, -7/66 HPs)
             Began as an Ogre Wanderer on Jan 12, 2020.
             Was an Initiate of Makhleb.
             Mangled by a mummy (16 damage)
             ... while paralysed
             ... in an ossuary.
             The game lasted 00:14:46 (4784 turns).

sauken the Cudgeler (Ogre Wanderer)                 Turns: 4784, Time: 00:14:47

Health: -7/66      AC:  3    Str: 16    XL:     6   Next: 30%
Magic:  15/15      EV:  1    Int: 12    God:    Makhleb [......]
Gold:   221        SH:  0    Dex: 12    Spells: 5/5 levels left

rFire    . . .     SeeInvis +   u - +0 mace
rCold    . . .     Gourm    .   e - +0 shield
rNeg     . . .     Faith    .   d - +0 robe
rPois    .         Spirit   .   (helmet restricted)
rElec    .         Reflect  .   (no cloak)
rCorr    .         Harm     .   (gloves unavailable)
MR       .....                  (boots unavailable)
Stlth    ++........             s - amulet of the acrobat
HPRegen  0.21/turn              l - ring of see invisible {sInv, !d}
MPRegen  0.14/turn              w - ring of magical power {MP+9}

@: paralysed, berserk cooldown, hasted and slowed
A: large, unfitting armour, tough skin 1
a: Renounce Religion


You were in an ossuary.
You worshipped Makhleb.
Makhleb was noncommittal.
You were hungry.

You visited 1 branch of the dungeon, and saw 4 of its levels.
You also visited: Ossuary.

You collected 221 gold pieces.

Inventory:

Hand Weapons
 b - a +0 quarterstaff
 j - a +0 short sword
   (You found it on level 1 of the Dungeon)
 p - a +0 hunting sling
   (You took it off a goblin on level 3 of the Dungeon)
 r - a +0 whip
   (You took it off an orc on level 2 of the Dungeon)
 u - a +0 mace (weapon)
   (You took it off Terence on level 3 of the Dungeon)
Missiles
 a - 2 throwing nets {=f, !d}
 i - 67 stones (quivered)
 x - 4 atropa-tipped darts
Armour
 d - a +0 robe (worn)
 e - a +0 shield (worn)
Jewellery
 l - a ring of see invisible (left hand) {sInv, !d}
   (You found it on level 1 of the Dungeon)
 q - an uncursed amulet of faith {Faith, !P}
   (You found it on level 2 of the Dungeon)
 s - an amulet of the acrobat (around neck)
   (You found it on level 2 of the Dungeon)
 w - a ring of magical power (right hand) {MP+9}
   (You found it on level 3 of the Dungeon)
Scrolls
 h - a scroll of enchant armour {unknown}
 k - 2 scrolls of remove curse
 o - a scroll of blinking {!r}
 y - a scroll of fear
Potions
 g - a potion of curing {unknown}
 m - a potion of flight {unknown}
Comestibles
 f - 11 rations
 t - a chunk of flesh {@w0}


   Skills:
 + Level 5.3 Fighting
 * Level 5.4 Maces & Flails
 - Level 1.0(3.8) Staves
   Level 1.0 Bows
 - Level 1.7 Dodging
 - Level 1.0 Stealth
 + Level 1.1 Shields


You had 5 spell levels left.
You didn't know any spells.
Your spell library was empty.

Dungeon Overview and Level Annotations

Branches:
Dungeon (4/15)            Ossuary (1/1)
 Temple: D:4-7

Altars:
Elyvilon
Fedhas
Gozag
Hepliaklqana
Makhleb
Sif Muna

Shops:
D:4 }


Innate Abilities, Weirdness & Mutations

You are too large for most types of armour.
You have tough skin. (AC +1)


Message History

There is a gate leading back out of this place here.
You block the kobold zombie's attack.
You block the big kobold zombie's attack.
You block the kobold zombie's attack. The big kobold zombie misses you.
The mummy closely misses you. You block the mummy's attack.
You block the mummy's attack.
A mummy comes into view.
A mummy comes into view.
The mummy completely misses you.
You open the door.
There is an open door here.
You see here a scroll of identify.
You see here a potion of might.
z - a potion of might You feel very mighty all of a sudden.
You barely miss the mummy. You thump the mummy! The mummy hits you.
You take 3 damage, and have 56/66 hp.
You hit the mummy. The mummy completely misses you.
You sock the mummy!
You destroy the mummy!
Makhleb accepts your kill.
You closely miss the mummy.
The big kobold zombie hits you but does no damage.
You block the kobold zombie's attack. The mummy hits you!
The big kobold zombie barely misses you.
You take 7 damage, and have 50/66 hp.
You completely miss the mummy. The kobold zombie barely misses you.
The mummy hits you!
You block the big kobold zombie's attack.
You take 7 damage, and have 43/66 hp.
You see here a green potion.
You sock the kobold zombie!
You destroy the kobold zombie!
Makhleb accepts your kill.
You barely miss the mummy. The big kobold zombie hits you. The mummy hits you.
You take 8 damage, and have 35/66 hp.
Unknown command.
You see here a scroll of remove curse.
Okay, then.
As you read the scroll of teleportation, it crumbles to dust.
You feel strangely unstable.
Your surroundings seem slightly different.
You see here 4 gold pieces.
You see here 14 gold pieces.
The big kobold zombie misses you.
There is an open door here.
As you close the door, it creaks loudly!
Something unseen opens the door.
The gnoll zombie barely misses you.
You sock the gnoll zombie! The gnoll zombie hits you.
You take 5 damage, and have 33/66 hp.
You barely miss the gnoll zombie. The gnoll zombie hits you.
You take 4 damage, and have 29/66 hp.
You are feeling hungry.
You hit the gnoll zombie.
The big kobold zombie barely misses you.
The gnoll zombie barely misses you. The gnoll zombie misses you.
Your shield prevents you from hitting the gnoll zombie.
The gnoll zombie closely misses you.
You sock the gnoll zombie!
You destroy the gnoll zombie!
Makhleb accepts your kill.
A mummy comes into view.
A mummy comes into view.
Unknown command.
Unknown command.
The mummy hits you!
You take 13 damage, and have 21/66 hp.
You feel a little less mighty now. The big kobold zombie misses you.
You see here a stone.
The big kobold zombie hits you.
You take 2 damage, and have 22/66 hp.
Okay, then.
It was a potion of haste.
You feel yourself speed up.
It was a potion of berserk rage.
A red film seems to cover your vision as you go berserk!
You feel yourself moving faster!
You feel mighty!
The big kobold zombie hits you but does no damage.
You now have 34/99 hp.
You feel a strong urge to attack something.
You block the big kobold zombie's attack.
The big kobold zombie hits you.
You take 3 damage, and have 31/99 hp.
You feel your anger nearly subside.
You are no longer berserk.
You pass out from exhaustion.
You feel yourself slow down. The big kobold zombie hits you.
* * * LOW HITPOINT WARNING * * *
The mummy hits you.
* * * LOW HITPOINT WARNING * * *
The big kobold zombie hits you.
* * * LOW HITPOINT WARNING * * *
The big kobold zombie hits you but does no damage.
The big kobold zombie hits you.
* * * LOW HITPOINT WARNING * * *
The mummy hits you!
You die...

################
##..............##
##.....M####......##
#......##..##......#
#....M##....##.....#
#.....M......M.....#
##.ZZM...(........##
##@MM..M........##
#+##........##'#
##...(..##..##
##....##....##
#....#......#
#.(..#....!?$
#....#....!.$
#....#....!$$
#....#...?!$#


You could see 7 mummies and 2 big kobold zombies.

Vanquished Creatures
  A crimson imp (D:3)
  An orc priest (D:2)
  An orc wizard (D:2)
  Terence (D:3)
  A mummy (Ossuary)
  A gnoll (D:1)
  3 adders
  2 oozes
  4 worms
  3 dart slugs
  8 leopard geckos
  4 orcs
  9 giant cockroaches
  2 gnoll zombies (Ossuary)
  9 goblins
  2 hobgoblins
  A quokka (D:3)
  7 bats
  7 frilled lizards
  A hobgoblin zombie (Ossuary)
  A jackal zombie (D:4)
  9 kobolds
  2 kobold zombies (Ossuary)
  An orc zombie (Ossuary)
  9 rats
90 creatures vanquished.

Notes
Turn   | Place    | Note
-------+----------+-------------------------------------------
     0 | D:1      | sauken the Ogre Wanderer began the quest for the Orb.
     0 | D:1      | sauken set off with the following items: a +0 club, a +0
                  | quarterstaff, a scroll of teleportation, a +0 robe, a +0
                  | shield, a ration
     0 | D:1      | Reached XP level 1. HP: 27/27 MP: 1/1
   160 | D:1      | Reached skill level 1 in Maces & Flails
   160 | D:1      | Reached XP level 2. HP: 23/35 MP: 2/2
   393 | D:1      | Reached skill level 2 in Maces & Flails
   592 | D:1      | Reached XP level 3. HP: 40/42 MP: 3/3
  1476 | D:2      | Reached skill level 3 in Maces & Flails
  1476 | D:2      | Reached XP level 4. HP: 46/50 MP: 4/4
  2982 | D:2      | Reached skill level 4 in Maces & Flails
  2982 | D:2      | Reached XP level 5. HP: 41/57 MP: 5/5
  3783 | D:3      | Noticed Terence
  3904 | D:3      | Killed Terence
  4085 | D:3      | Reached skill level 5 in Maces & Flails
  4223 | D:3      | Reached XP level 6. HP: 66/66 MP: 6/6
  4286 | D:3      | Found a blossoming altar of Fedhas.
  4286 | D:3      | Found a white marble altar of Elyvilon.
  4288 | D:3      | Found a burning altar of Makhleb.
  4288 | D:3      | Found a shimmering blue altar of Sif Muna.
  4288 | D:3      | Found a hazy altar of Hepliaklqana.
  4295 | D:3      | Became a worshipper of Makhleb the Destroyer
  4609 | D:4      | Found Ytomm's Gadget Emporium.
  4610 | D:4      | Found a sand-covered staircase.
  4644 | D:4      | Found an opulent altar of Gozag.
  4647 | Ossuary  | Entered an ossuary
  4783 | Ossuary  | HP: 12/66 [mummy (6)]
  4784 | Ossuary  | Mangled by a mummy

Levels and vault maps discovered:
D:1:      minmay_arrival_glassed_features, layout_basic, serial_bayou_pond_a
D:2:      minmay_recursive_quarters, layout_rooms, kennysheep_generic_room_11
D:3:      layout_basic, grunt_temple_overflow_open, uniq_terence
D:4:      layout_loops_ring, overflow_temple_1_default, enter_ossuary_3,
          first_ration, serial_shops, shop, minmay_misc_feat_iff
Ossuary:  ossuary_tomb_3

Skill      XL: |  1  2  3  4  5 |
---------------+----------------+-----
Maces & Flails | 1 2 3 4 5 |  5.4
Fighting       | |  5.3
Staves         | |  1.0
Bows           | |  1.0
Dodging        | |  1.7
Stealth        | |  1.0
Shields        | |  1.1

Action                   |  1- 3 |  4- 6 || total
-------------------------+-------+-------++-------
Melee: Club              |    20 |       ||    20
       Dagger            |    12 |       ||    12
       Short sword       |    63 |   179 ||   242
       Mace              |       |   103 ||   103
       Whip              |       |    46 ||    46
 Fire: Hunting sling     |       |    26 ||    26
Throw: Stone             |    27 |   104 ||   131
       Dart              |     6 |    18 ||    24
  Use: Scroll            |       |    10 ||    10
       Potion            |       |     3 ||     3
 Stab: Sleeping          |       |     1 ||     1
       Invisible         |       |     3 ||     3
  Eat: Chunk             |       |     9 ||     9
       Ration            |       |     1 ||     1
Armor: Robe              |    27 |    78 ||   105
Dodge: Dodged            |    24 |   134 ||   158
Block: Shield            |    39 |    93 ||   132

Table legend:
 A = Non-vault XP
 B = Vault XP
 C = Vault XP percentage of total XP
 D = Non-vault monster count
 E = Vault monster count
 F = Vault count percentage of total count
                 A         B        C        D         E       F
            +---------+---------+-------+---------+---------+-------
      Total |     331 |      79 |  19.3 |      73 |      17 |  18.9
            +---------+---------+-------+---------+---------+-------
        D:1 |      39 |       0 |   0.0 |      15 |       0 |   0.0
        D:2 |     179 |      14 |   7.3 |      34 |       8 |  19.0
        D:3 |      99 |      38 |  27.7 |      23 |       1 |   4.2
        D:4 |      14 |       1 |   6.7 |       1 |       1 |  50.0
    Ossuary |       0 |      26 | 100.0 |       0 |       7 | 100.0
            +---------+---------+-------+---------+---------+-------

Levels and vault maps discovered:
D:1:      minmay_arrival_glassed_features, layout_basic, serial_bayou_pond_a
D:2:      minmay_recursive_quarters, layout_rooms, kennysheep_generic_room_11
D:3:      layout_basic, grunt_temple_overflow_open, uniq_terence
D:4:      layout_loops_ring, overflow_temple_1_default, enter_ossuary_3,
          first_ration, serial_shops, shop, minmay_misc_feat_iff
Ossuary:  ossuary_tomb_3

Table legend:
 A = Turns spent in this place as a percentage of turns spent in the entire game.
 B = Non-inter-level travel turns spent in this place as a percentage of non-inter-level travel turns spent in the entire game.
 C = Inter-level travel turns spent in this place as a percentage of turns spent in this place.
 D = Turns resting spent in this place as a percentage of non-inter-level travel turns spent in this place.
 E = Turns spent auto-exploring this place as a percentage of non-inter-level travel turns spent in this place.
 F = Non-inter-level travel turns spent in this place divided by the number of levels of this place that you've seen.
                   A       B       C       D       E      F
               +-------+-------+-------+-------+-------+----------------------
         Total | 100.0 | 100.0 |   3.7 |  38.2 |  30.4 | 921.8
       Dungeon |  97.1 |  97.0 |   3.8 |  39.4 |  31.4 | 1118.0
       Ossuary |   2.9 |   3.0 |   0.0 |   0.0 |   0.7 | 137.0
               +-------+-------+-------+-------+-------+----------------------

Table legend:
 A = Kills in this place as a percentage of kills in entire the game.
 B = Kills by you in this place as a percentage of kills by you in the entire game.
 C = Kills by friends in this place as a percentage of kills by friends in the entire game.
 D = Other kills in this place as a percentage of other kills in the entire game.
 E = Experience gained in this place as a percentage of experience gained in the entire game.
 F = Experience gained in this place divided by the number of levels of this place that you have seen.
                   A       B       C       D       E      F
               +-------+-------+-------+-------+-------+----------------------
         Total | 100.0 | 100.0 |   N/A |   N/A | 100.0 |  82.0
       Dungeon |  92.2 |  92.2 |   N/A |   N/A |  93.7 |  96.0
       Ossuary |   7.8 |   7.8 |   N/A |   N/A |   6.3 |  26.0
               +-------+-------+-------+-------+-------+----------------------
